 Dungeon Crawl Stone Soup version 0.22-a0-136-g83a10e5 (webtiles) character file.

49697 KristoblXynda the Carver (level 14, -5/121 HPs)
             Began as a Green Draconian Gladiator on Feb 3, 2018.
             Was the Champion of Cheibriados.
             Engulfed by a cloud of freezing vapour (41 damage)
             ... in an ice cave.
             The game lasted 00:46:28 (19713 turns).

KristoblXynda the Carver (DrGl)                    Turns: 19713, Time: 00:46:29

Health: -5/121     AC: 11    Str: 31    XL:     14   Next: 17%
Magic:  0/21       EV: 26    Int: 26    God:    Cheibriados [******]
Gold:   105        SH:  7    Dex: 30    Spells: 13/13 levels left

rFire    . . .     SeeInvis .   u - +1 long sword
rCold    . . .     Gourm    .   n - +0 buckler
rNeg     + . .     Faith    .   (armour unavailable)
rPois    +         Spirit   +   b - +1 hat
rElec    .         Reflect  .   l - scarf {Spirit}
rCorr    .         Harm     .   E - +1 pair of gloves {archery}
MR       ++...                  (no boots)
Stlth    ++++......             y - amulet of Emaguzopra {Regen+ Int+3}
HPRegen  0.70/turn              q - +2 ring of evasion
MPRegen  0.17/turn              C - ring "Gesch" {rPois rN+ MR+ Int-4 Slay+5}

@: slowed, very slow
A: breathe noxious fumes, unfitting armour, stinger 1, poison resistance,
cold-blooded, AC +8
a: Breathe Noxious Fumes, Bend Time, Temporal Distortion, Slouch, Step From
Time, Renounce Religion


You were in an ice cave.
You worshipped Cheibriados.
Cheibriados was exalted by your worship.
You were not hungry.

You visited 4 branches of the dungeon, and saw 18 of its levels.
You visited 2 bazaars.
You also visited: Ice Cave.

You collected 1244 gold pieces.
You spent 1139 gold pieces at shops.

Inventory:

Hand Weapons
 u - a +1 long sword (weapon)
 F - a +0 scimitar
Missiles
 c - 4 throwing nets (quivered)
Armour
 b - a +1 hat (worn)
 l - a scarf of spirit shield (worn)
 n - a +0 buckler (worn)
 E - a +1 pair of gloves of archery (worn)
Jewellery
 q - a +2 ring of evasion (left hand)
 y - the amulet of Emaguzopra (around neck) {Regen+ Int+3}
   (You bought it in a shop in a bazaar)

   [amulet of regeneration]

   It affects your intelligence (+3).
   It increases your rate of regeneration.
 C - the ring "Gesch" (right hand) {rPois rN+ MR+ Int-4 Slay+5}
   (You found it on level 9 of the Dungeon)

   [ring of poison resistance]

   It affects your intelligence (-4).
   It affects your accuracy and damage with ranged weapons and melee attacks
   (+5).
   It protects you from poison.
   It protects you from negative energy.
   It affects your resistance to hostile enchantments.
Wands
 a - a wand of iceblast (23)
 B - a wand of clouds (2)
 H - a wand of acid (3)
 P - a wand of disintegration (11)
Scrolls
 e - 2 scrolls of fog
 f - 4 scrolls of teleportation
 h - 11 scrolls of remove curse
 k - 2 scrolls of enchant armour
 t - a scroll of amnesia
 L - 3 scrolls of immolation
 S - a scroll of enchant weapon
 U - a scroll of vulnerability
Potions
 g - 2 potions of resistance
 i - a potion of heal wounds
 m - 2 potions of invisibility
 o - 2 potions of might
 r - 4 potions of curing
 s - a potion of brilliance
 v - 3 potions of ambrosia
 w - 2 potions of agility
 G - 2 potions of lignification
 K - 3 potions of flight
 O - a potion of cancellation
Miscellaneous
 z - a lightning rod (4/4)
 J - a fan of gales
 N - a sack of spiders
Comestibles
 d - 23 rations


   Skills:
 - Level 10.1 Fighting
 - Level 14.1 Long Blades
 - Level 2.2 Throwing
 + Level 10.5 Dodging
 + Level 5.9 Stealth
 - Level 4.1 Shields
 - Level 10.0 Invocations
 + Level 9.5 Evocations


You had 13 spell levels left.
You didn't know any spells.

Dungeon Overview and Level Annotations

Branches:
Dungeon (15/15)            Temple (1/1) D:5            Lair (1/6) D:8
    Orc (1/2) D:11         Vaults (0/5) D:13         Depths (0/5) D:15

Altars:
Ashenzari
Cheibriados
Dithmenos
Elyvilon
Fedhas
Gozag
Hepliaklqana
Kikubaaqudgha
Makhleb
Nemelex Xobeh
Okawaru
Qazlal
Ru
Sif Muna
Trog
Uskayaw
Vehumet
Wu Jian
Xom
Yredelemnul
Zin
The Shining One

Shops:
D:4 [   D:7 %   D:8 }


Innate Abilities, Weirdness & Mutations

You can breathe blasts of noxious fumes.
Your lurid green scales are hard. (AC +8)
You cannot fit into any form of body armour.
Your tail ends in a poisonous barb.
Your system is resistant to poisons. (rPois)
You are cold-blooded and may be slowed by cold attacks.


Message History

The yak is heavily wounded.
The yak gores you!
You slash the yak!
You kill the yak!
Cheibriados appreciates the change of pace.
No target in view!
No target in view!
You see here a wolf corpse.
A yak comes into view.
A yak and a polar bear come into view.
The yak bellows!
You hear an angry growl.
The yak bellows!
A yak comes into view.
You are engulfed in freezing vapours.
You feel yourself slow down.
You hear a bellow!
You hear an angry growl.
You are engulfed in freezing vapours.
* * * LOW HITPOINT WARNING * * *
Found 19 gold pieces and 11 arrows.
You are engulfed in freezing vapours.
You feel as though you will be slow longer.
You die...

##††.#
#...##
##...#
#..##
##.##
##..### #
##..##$ (#
##§§##§#$#
#.§≈.#@§#
##§§#§##.#
##§Y## #
##§ #..
##Y


Yh You could see a yak.

Vanquished Creatures
  A fire dragon (D:15)
  2 vault guards (D:13)
  5 hydras
  A catoblepas (D:13)
  6 two-headed ogres
  A death knight (D:13)
  4 centaur warriors
  A skeletal warrior (D:13)
  6 unseen horrors
  A sea snake (shapeshifter) (D:15)
  A phantasmal warrior (D:13)
  A wizard (D:13)
  Pikel (D:6)
  2 orc knights (D:15)
  A necromancer (D:13)
  3 deep elf magi
  A wolf spider zombie (D:15)
  3 ugly things
  2 wolf spiders (D:15)
  2 manticores
  2 centaur zombies
  Joseph (D:9)
  3 yaktaurs (D:15)
  2 freezing wraiths
  4 trolls
  3 slime creatures (D:14)
  A harpy skeleton (D:14)
  4 hippogriffs
  A centaur simulacrum (D:10)
  A meliai zombie (D:15)
  A shadow (D:15)
  17 yaks
  8 wraiths
  21 humans (D:13)
  A steam dragon (D:8)
  A basilisk (Lair:1)
  7 hungry ghosts
  A warg (D:15)
  A soldier ant (D:12)
  A two-headed ogre zombie (D:11)
  Duvessa (D:6)
  3 porcupines
  A water moccasin (D:9)
  4 orc warriors
  7 sky beasts
  A hornet zombie (D:12)
  13 ice beasts
  6 phantoms
  2 slaves (D:6)
  2 black bears
  6 ogres
  2 necrophages
  4 eyes of draining
  16 centaurs
  2 wolves (IceCv)
  A big kobold (D:10)
  17 bullfrogs
  A gnoll sergeant (D:8)
  10 jellies
  4 scorpions
  A wyvern skeleton (D:10)
  Dowan (D:6)
  A troll zombie (D:11)
  10 killer bees
  6 howler monkeys
  4 wights (D:12)
  10 crimson imps
  5 human zombies (D:7)
  3 orc priests
  3 bullfrog skeletons
  3 hounds
  7 centaur skeletons
  2 iguanas
  14 orc wizards
  6 worker ants
  8 ogre zombies
  2 hound skeletons
  A mummy (D:7)
  9 adders
  4 gnolls (D:8)
  8 shadow imps
  7 oozes
  An adder skeleton (D:10)
  A worm (D:2)
  3 dart slugs (D:1)
  9 leopard geckos
  42 orcs
  8 giant cockroaches
  7 goblins
  7 hobgoblins
  8 jackals
  6 quokkas
  5 bats
  7 frilled lizards
  4 goblin zombies (D:11)
  2 hobgoblin skeletons (D:11)
  3 hobgoblin zombies (D:11)
  24 kobolds
  4 orc skeletons (D:11)
  12 orc zombies (D:11)
  A quokka skeleton (D:9)
  A quokka zombie (D:6)
  8 rats
507 creatures vanquished.

Vanquished Creatures (collateral kills)
  2 slime creatures (D:14)
2 creatures vanquished.

Vanquished Creatures (others)
  A slave (D:6)
  A wolf (IceCv)
  An orc (D:6)
  10 fungi (D:8)
13 creatures vanquished.

Grand Total: 522 creatures vanquished

Notes
Turn   | Place    | Note
-------+----------+-------------------------------------------
     0 | D:1      | KristoblXynda the Draconian Gladiator began the quest for the Orb.
     0 | D:1      | Reached XP level 1. HP: 17/17 MP: 1/1
   172 | D:1      | Reached XP level 2. HP: 16/24 MP: 2/2
   850 | D:2      | Reached XP level 3. HP: 27/29 MP: 3/3
   944 | D:2      | Reached skill level 4 in Long Blades
   944 | D:2      | Reached XP level 4. HP: 36/36 MP: 4/4
  1648 | D:3      | Reached XP level 5. HP: 16/41 MP: 3/5
  1891 | D:3      | Reached skill level 1 in Shields
  2012 | D:3      | Reached skill level 5 in Long Blades
  2021 | D:3      | Found a shadowy altar of Dithmenos.
  2862 | D:4      | Noticed a phantom
  2880 | D:4      | Reached XP level 6. HP: 37/48 MP: 4/6
  3284 | D:4      | Found Atoef's Antique Armour Boutique.
  3409 | D:4      | Reached skill level 6 in Long Blades
  3419 | D:4      | Your scales start taking on a lurid green colour.
  3419 | D:4      | Reached XP level 7. HP: 16/55 MP: 3/7
  3419 | D:4      | Gained mutation: Your system is resistant to poisons. (rPois) [Green Draconian growth]
  3842 | D:5      | Entered Level 5 of the Dungeon
  3987 | D:5      | Found a staircase to the Ecumenical Temple.
  4445 | D:5      | Reached skill level 7 in Long Blades
  4627 | Temple   | Entered the Ecumenical Temple
  4694 | Temple   | Became a worshipper of Cheibriados the Contemplative
  5001 | D:5      | Reached skill level 5 in Dodging
  5455 | D:6      | Reached XP level 8. HP: 30/61 MP: 3/8
  5684 | D:6      | Noticed Duvessa
  5696 | D:6      | Noticed Dowan
  5704 | D:6      | Killed Dowan
  5715 | D:6      | Noticed Pikel
  5720 | D:6      | Killed Duvessa
  5720 | D:6      | Reached skill level 1 in Invocations
  5725 | D:6      | Killed Pikel
  5725 | D:6      | Reached skill level 8 in Long Blades
  5765 | D:6      | Found an opulent altar of Gozag.
  5941 | D:6      | Reached XP level 9. HP: 65/68 MP: 11/11
  6099 | D:6      | Reached * piety under Cheibriados
  6490 | D:7      | Reached skill level 9 in Long Blades
  6491 | D:7      | Found Aneghuf's Food Emporium.
  6898 | D:7      | Reached ** piety under Cheibriados
  7052 | D:7      | Reached skill level 10 in Long Blades
  7052 | D:7      | Reached skill level 5 in Invocations
  7204 | D:7      | Found a basalt altar of Yredelemnul.
  7887 | D:8      | Found an iron altar of Okawaru.
  7895 | D:8      | Reached XP level 10. HP: 74/77 MP: 14/14
  8270 | D:8      | Found a glowing golden altar of the Shining One.
  8383 | D:8      | Found an opulent altar of Gozag.
  8454 | D:8      | Reached *** piety under Cheibriados
  8534 | D:8      | Reached skill level 11 in Long Blades
  8568 | D:8      | Found Riyky's Gadget Emporium.
  8772 | D:8      | Found a staircase to the Lair.
  9355 | D:9      | Identified 2 scrolls of acquirement
  9421 | D:9      | Noticed a two-headed ogre
  9440 | D:9      | Killed a two-headed ogre
  9604 | D:9      | Found an ancient bone altar of Kikubaaqudgha.
  9673 | D:9      | Noticed Joseph
  9706 | D:9      | Killed Joseph
 10054 | D:9      | Found an ornate altar of the Wu Jian Council.
 10054 | D:9      | Found a sparkling altar of Nemelex Xobeh.
 10068 | D:9      | Noticed a two-headed ogre
 10078 | D:9      | Killed a two-headed ogre
 10078 | D:9      | Reached skill level 12 in Long Blades
 10200 | D:9      | Got a vibrating brass ring
 10431 | D:9      | Identified the ring "Gesch" {rPois rN+ MR+ Int-4 Slay+5} (You found it on level 9 of the Dungeon)
 10450 | D:10     | Entered Level 10 of the Dungeon
 10457 | D:10     | Reached **** piety under Cheibriados
 10457 | D:10     | Reached XP level 11. HP: 81/84 MP: 16/16
 11337 | D:10     | Killed an unseen horror
 11337 | D:10     | Reached skill level 5 in Fighting
 11337 | D:10     | Reached ***** piety under Cheibriados
 11776 | D:11     | Noticed a four-headed hydra
 11932 | D:11     | Found a staircase to the Orcish Mines.
 12017 | D:11     | Reached skill level 1 in Evocations
 12127 | D:11     | Noticed a six-headed hydra
 12236 | D:11     | Found a gateway to a bazaar.
 12343 | D:11     | Killed a four-headed hydra
 12343 | D:11     | Reached skill level 13 in Long Blades
 12705 | D:11     | Noticed a two-headed ogre
 12718 | D:11     | Killed a two-headed ogre
 12783 | Bazaar   | Entered a bazaar
 12796 | Bazaar   | Found Guavy's Jewellery Shoppe.
 12796 | Bazaar   | Found Koigahe's Weapon Shoppe.
 12831 | Bazaar   | Found Uxucw's Food Emporium.
 12831 | Bazaar   | Found Noyxygg's Antique Armour Emporium.
 12874 | Bazaar   | Bought a pair of runed gloves for 180 gold pieces
 12874 | Bazaar   | Bought a pair of runed boots for 180 gold pieces
 12889 | Bazaar   | Identified a +2 pair of boots of running (You bought it in a shop in a bazaar)
 13125 | Orc:1    | Entered Level 1 of the Orcish Mines
 13300 | D:12     | Reached ****** piety under Cheibriados
 13730 | D:12     | Noticed a green ugly thing
 13861 | D:13     | Noticed a two-headed ogre
 13863 | D:13     | Noticed a green ugly thing
 13887 | D:12     | Killed a green ugly thing
 13887 | D:12     | Reached XP level 12. HP: 83/94 MP: 16/18
 13890 | D:12     | Killed a two-headed ogre
 13937 | D:13     | Noticed a death knight
 14009 | D:13     | Noticed a seven-headed hydra
 14016 | D:13     | Killed a seven-headed hydra
 14036 | D:13     | Reached skill level 14 in Long Blades
 14591 | D:13     | Found a sacrificial altar of Ru.
 14614 | D:13     | Reached skill level 5 in Evocations
 14638 | D:13     | Noticed a centaur warrior
 14655 | D:13     | Killed a centaur warrior
 14819 | D:13     | Killed a death knight
 15553 | D:13     | Noticed a catoblepas
 15565 | D:13     | Killed a catoblepas
 16125 | D:13     | Reached skill level 10 in Dodging
 16390 | D:13     | Found a gate to the Vaults.
 16390 | D:13     | Noticed a vault guard
 16390 | D:13     | Noticed a vault guard
 16407 | D:13     | Reached XP level 13. HP: 61/105 MP: 10/20
 17306 | D:14     | Reached skill level 10 in Invocations
 17327 | D:14     | Reached skill level 1 in Stealth
 17799 | D:15     | Entered Level 15 of the Dungeon
 17808 | D:15     | Noticed a fire dragon
 17819 | D:15     | Killed a fire dragon
 18232 | D:15     | Found a flickering gateway to a bazaar.
 18475 | D:15     | Found a stormy altar of Qazlal.
 18662 | Bazaar   | Entered a bazaar
 18662 | Bazaar   | Found Zenem's Antique Armour Emporium.
 18662 | Bazaar   | Found Cetorion's Jewellery Shoppe.
 18662 | Bazaar   | Found Duta's Food Shop.
 18664 | Bazaar   | Found Yzeas's Antique Weapon Shoppe.
 18664 | Bazaar   | Found Cudeadue's Book Boutique.
 18708 | Bazaar   | Bought the amulet of Emaguzopra {Regen+ Int+3} for 779 gold pieces
 18881 | D:15     | Reached skill level 5 in Stealth
 18938 | D:15     | Gained mutation: Your tail ends in a poisonous barb. [Green Draconian growth]
 18938 | D:15     | Reached XP level 14. HP: 87/119 MP: 21/21
 19040 | D:15     | Reached skill level 10 in Fighting
 19153 | D:15     | Found a staircase to the Depths.
 19367 | Lair:1   | Entered Level 1 of the Lair of Beasts
 19652 | Lair:1   | Found a frozen archway.
 19687 | IceCv    | Entered an ice cave
 19713 | IceCv    | Engulfed by a cloud of freezing vapour

Vault maps used:
D:1:      matt_arrival_los_fun, serial_park_tiny_2
D:3:      corexii_shack_village, first_ration, nicolae_dithmenos_shadow_blocks
D:4:      serial_shops, shop, minmay_goblin_kobold_house
D:5:      minmay_temple_entry_nine_rooms, kennysheep_nondescript
D:6:      nicolae_gozag_cash_rules_everything_around_me, uniq_pikel,
          uniq_duvessa
D:7:      serial_shops, nicolae_shop_stone, lemuel_mausoleum_altar_yredelemnul
D:8:      okawaru_metal_pillars_3, nicolae_overflow_crystal_walls,
          due_lair_maze_entry_diamond, serial_shops, shop, basic_altar
D:9:      gammafunk_temple_overflow_forgotten, uniq_joseph
D:10:     hangedman_little_slice_of_home
D:11:     zombieorc2_lemuel, serial_shops, bzr_entry_safe
D:12:     minmay_door_square
D:13:     grunt_vaults_entry_tiered, minivault_24, nicolae_ru_path_of_blood
D:14:     kennysheep_nub, minivault_5
D:15:     hangedman_depths_entry_try_elsewhere_first, basic_altar,
          grunt_decor_mini_mirrors, serial_shops, bzr_entry_dummy
Temple:   minmay_crystal_spiral_temple
Lair:1:   portal_ice_cave_entry_ice_beasts
Orc:1:    serial_shops, shop
Bazaar:   grunt_bazaar_doublecross, bazaar_minmay_generic_island
IceCv:    ice_cave_caverns_02

Skill      XL: |  1  2  3  4  5  6  7  8  9 10 11 12 13 14 |
---------------+-------------------------------------------+-----
Throwing       | 2 |  2.2
Dodging        | 3 4 5 6 7 8 9 10 | 10.5
Long Blades    | 4 5 6 7 8 10 12 13 14 | 14.1
Shields        | 1 2 3 4 |  4.1
Fighting       | 3 4 5 7 9 10 | 10.1
Invocations    | 3 5 7 8 9 10 | 10.0
Evocations     | 3 6 9 |  9.5
Stealth        | 5 |  5.9

Action                   |  1- 3 |  4- 6 |  7- 9 | 10-12 | 13-15 || total
-------------------------+-------+-------+-------+-------+-------++-------
Melee: Long sword        |    58 |   213 |   420 |   686 |   344 ||  1721
       Tailslap          |    14 |    31 |   110 |   235 |   159 ||   549
Throw: Throwing net      |       |       |       |       |     1 ||     1
 Abil: Breathe Noxious F |       |       |     8 |    14 |     7 ||    29
Evoke: Wand              |       |       |     5 |     4 |    12 ||    21
       Sack of spiders   |       |       |       |       |     1 ||     1
  Use: Potion            |       |     2 |     2 |     3 |     1 ||     8
       Scroll            |       |     3 |     7 |    21 |     9 ||    40
 Stab: Sleeping          |     1 |     2 |     1 |     6 |     4 ||    14
       Distracted        |       |       |     2 |     1 |       ||     3
       Confused          |       |       |     4 |    17 |     6 ||    27
       Held in net/web   |       |       |       |     1 |     1 ||     2
  Eat: Chunk             |       |     5 |    11 |     2 |     4 ||    22
       Ration            |       |     1 |     2 |     5 |     2 ||    10
Armor: Skin              |    20 |    72 |    72 |   133 |    76 ||   373
Dodge: Dodged            |    45 |   149 |   323 |   591 |   437 ||  1545
Block: Buckler           |       |    41 |   104 |   211 |   204 ||   560
       Rpst.: Long sword |    15 |    44 |    98 |   166 |   101 ||   424

Table legend:
 A = Spawn XP
 B = Non-spawn XP
 C = Spawn XP percentage of total XP
 D = Spawn monster count
 E = Non-spawn monster count
 F = Spawn count percentage of total count
 G = Total turns spent on level
                    A         B        C        D         E        F      G
               +---------+---------+-------+---------+---------+-------+---------
         Total |       0 |   70997 |   0.0 |       0 |     507 |   0.0 | 19713
               +---------+---------+-------+---------+---------+-------+---------
           D:1 |       0 |      39 |   0.0 |       0 |      20 |   0.0 |   832
           D:2 |       0 |      88 |   0.0 |       0 |      22 |   0.0 |   598
           D:3 |       0 |     228 |   0.0 |       0 |      34 |   0.0 |  1413
           D:4 |       0 |     425 |   0.0 |       0 |      23 |   0.0 |   999
           D:5 |       0 |     529 |   0.0 |       0 |      19 |   0.0 |  1138
           D:6 |       0 |    1591 |   0.0 |       0 |      17 |   0.0 |  1199
           D:7 |       0 |    2481 |   0.0 |       0 |      38 |   0.0 |  1414
           D:8 |       0 |    2419 |   0.0 |       0 |      28 |   0.0 |  1545
           D:9 |       0 |    3076 |   0.0 |       0 |      15 |   0.0 |  1139
          D:10 |       0 |    3423 |   0.0 |       0 |      48 |   0.0 |  1367
          D:11 |       0 |    4930 |   0.0 |       0 |      63 |   0.0 |  1233
          D:12 |       0 |    4553 |   0.0 |       0 |      22 |   0.0 |  1301
          D:13 |       0 |   16920 |   0.0 |       0 |      50 |   0.0 |  2586
          D:14 |       0 |    8718 |   0.0 |       0 |      30 |   0.0 |  1174
          D:15 |       0 |   18528 |   0.0 |       0 |      58 |   0.0 |   947
        Lair:1 |       0 |    2403 |   0.0 |       0 |      16 |   0.0 |   320
         IceCv |       0 |     646 |   0.0 |       0 |       4 |   0.0 |    26
               +---------+---------+-------+---------+---------+-------+---------
